 Dungeon Crawl Stone Soup version 0.28.0 (webtiles) character file.

Game seed: 3538492732574520104

2071 AmazingTV the Covered (level 9, -3/79 HPs)
             Began as a Minotaur Fighter on Mar 25, 2024.
             Was a Believer of Okawaru.
             Slain by a yak (6 damage)
             ... on level 7 of the Dungeon.
             The game lasted 00:23:14 (7697 turns).

AmazingTV the Covered (Minotaur Fighter)            Turns: 7697, Time: 00:23:15

Health: -3/79      AC: 13    Str: 31    XL:     9   Next: 5%
Magic:  7/8        EV: 10    Int: 11    God:    Okawaru [**....]
Gold:   34         SH:  5    Dex: 10    Spells: 8/8 levels left

rFire   + . .      SeeInvis .   a - +0 war axe {axe}
rCold   . . .      Faith    .   c - +0 buckler
rNeg    . . .      Spirit   .   f - +1 ring mail {rF+}
rPois   .          Reflect  .   O - +2 hat
rElec   .          Harm     .   (no cloak)
rCorr   .          Rampage  .   B - +2 pair of gloves
Will    .....                   (no boots)
Stlth   ..........              (no amulet)
HPRegen 0.23/turn               u - +6 ring of intelligence
MPRegen 0.11/turn               I - +6 ring of strength

@: mighty, about to teleport, marked
A: horns 2, retaliatory headbutt
a: Renounce Religion, Heroism


You were on level 7 of the Dungeon.
You worshipped Okawaru.
Okawaru was pleased with you.
You visited 2 branches of the dungeon, and saw 8 of its levels.
You also visited: Sewer and Ossuary.

You collected 226 gold pieces.
You spent 192 gold pieces at shops.


Innate Abilities, Weirdness & Mutations

You have a pair of horns on your head.
You reflexively headbutt those who attack you in melee.


   Skills:
 + Level 7.3 Fighting
 + Level 6.8(7.1) Axes
 + Level 3.0(5.3) Maces & Flails
 + Level 5.6 Slings
 + Level 7.3 Armour
 - Level 6.5 Shields


You had 8 spell levels left.
You didn't know any spells.
Your spell library contained the following spells:

 Spells                   Type           Power      Damage    Failure   Level
 Ensorcelled Hibernation  Hex/Ice        0%         N/A       67%         2
 Gell's Gravitas          Tloc           0%         N/A       88%         3
 Spider Form              Tmut/Pois      0%         N/A       88%         3
 Teleport Other           Tloc           0%         N/A       88%         3
 Anguish                  Hex/Necr       0%         N/A       99%         4
 Dispersal                Tloc           0%         N/A       100%        6

Inventory:

Hand Weapons
 a - a +0 war axe (weapon) {axe}
 b - a +0 hunting sling {sling}
   (You found it on level 2 of the Dungeon)
Missiles
 e - 146 stones (quivered)
 g - 59 arrows
 h - 4 boomerangs
 j - 17 poisoned darts
 t - 23 bolts
 K - a throwing net {=f!f}
 M - 15 sling bullets
Armour
 c - a +0 buckler (worn)
 f - a +1 ring mail of fire resistance (worn)
   (You found it on level 1 of the Dungeon)
 B - a +2 pair of gloves (worn)
   (You found it on level 4 of the Dungeon)
 O - a +2 hat (worn)
   (You bought it in a shop on level 6 of the Dungeon)
Jewellery
 o - a ring of wizardry
   (You took it off a kobold on level 2 of the Dungeon)
 u - a +6 ring of intelligence (left hand)
   (You found it on level 3 of the Dungeon)
 I - a +6 ring of strength (right hand)
   (You found it on level 5 of the Dungeon)
Wands
 A - a wand of flame (32)
   (You found it on level 4 of the Dungeon)
Scrolls
 k - a scroll of vulnerability {unknown}
 l - a scroll of silence {unknown}
 m - a scroll of fear {unknown}
 n - 5 scrolls of identify {unknown}
 s - a scroll of magic mapping {unknown}
 v - a scroll of immolation {unknown}
 w - a scroll of brand weapon {unknown}
 y - 3 scrolls of teleportation {@r4}
 C - a scroll of summoning {unknown}
 E - a scroll of noise {unknown}
 H - a scroll of holy word {unknown}
 L - a scroll of fog {unknown}
 N - a scroll of amnesia {unknown}
Potions
 d - 3 potions of might
 i - 2 potions of heal wounds {unknown}
 q - 4 potions of mutation {unknown}
 r - 5 potions of haste {unknown}
 x - a potion of lignification {unknown}
 z - a potion of resistance {unknown}
 D - a potion of berserk rage {unknown}
 F - 3 potions of curing {unknown}
 G - 2 potions of invisibility {unknown}
 J - 4 potions of brilliance {unknown}

Dungeon Overview and Level Annotations

Branches:
Dungeon (7/15)             Temple (1/1) D:5           Sewer (visited)
Ossuary (visited)

Altars:
Ashenzari
Cheibriados
Dithmenos
Elyvilon
Hepliaklqana
Kikubaaqudgha
Makhleb
Nemelex Xobeh
Okawaru
Qazlal
Ru
Sif Muna
Trog
Uskayaw
Vehumet
Wu Jian
Xom
Yredelemnul
The Shining One

Shops:
D:4 [   D:6 [

Annotations:
D:7 2 transporters

#. ### .##.#
### #..
.......# #.#
#.#.#.# #.#
.....# #.#
#.#.####.#
#......[#
##......#
#@####.##
#{Y## #.# #.o
#.###########
#..
#............
#..
############.
#.. ##...##.#
#..
#####......##
#..
##.....©.....#
#..#########..


You could see a yak and an orc.


Message History

You take 16 damage, and now have 55/71 hp.
MASSIVE DAMAGE!! (PAUSE)
You hit Harold but do no damage. Harold hits you but does no damage.
You gain the combat prowess of a mighty hero.
Harold hits you but does no damage. 😕 HP[+1] MP[-2]
You lost 2 mp, and now have 5/7 mp.
You slash Harold! You headbutt Harold, but do no damage.
Harold gestures at you while chanting. The mark upon you grows brighter.
You barely miss Harold.
Harold hits you with a +0 trident! 😮 HP[-15]
You take 15 damage, and now have 41/71 hp.
MASSIVE DAMAGE!! (PAUSE)
You barely miss Harold. Your headbutt misses Harold.
An orc comes into view. It is wielding a +0 short sword.
You block Harold's attack.
You slice Harold!!
Harold says, "Let's make it quick, okay?
I've got mouths to feed."
Harold hits you with a +0 trident!
* * * LOW HITPOINT WARNING * * *
😨 HP[-7]
You take 7 damage, and now have 34/71 hp.
You completely miss Harold.
Harold hits you but does no damage. 😨 HP[+1]
You hit Harold but do no damage. Your headbutt misses Harold.
Harold hits you but does no damage.
An orc wizard comes into view. It is wielding a +0 dagger.
You hit Harold but do no damage. You block Harold's attack.
You hit Harold. You headbutt Harold!
You kill Harold!
Okawaru is honoured by your kill.
An orc comes into view. It is wielding a +0 dagger.
Your base Fighting skill increases to level 7!
Your base Axes skill increases to level 6!
Your base Maces & Flails skill gained 2 levels and is now at level 2!
Your base Slings skill increases to level 5!
Your base Armour skill increases to level 7! 😨 HP[+1]
You now have 73 max hp (+2).
You slice the yak!! You headbutt the yak! The yak gores you but does no damage.
The orc wizard mumbles some strange words.
The orc wizard flickers and vanishes!
Deactivating autopickup; reactivate with Ctrl-A.
You barely miss the yak.
You feel like a meek peon again. The yak gores you.
* * * LOW HITPOINT WARNING * * *
😨 HP[-5] MP[+1]
You take 5 damage, and now have 31/73 hp.
You closely miss the yak. Your headbutt misses the yak.
You block the yak's attack.
You slash the yak! Your headbutt misses the yak. The yak gores you.
* * * LOW HITPOINT WARNING * * *
The yak gores you!
* * * LOW HITPOINT WARNING * * *
😨 HP[-12]
You take 12 damage, and now have 19/73 hp.
You slash the yak!
You kill the yak!
Okawaru accepts your kill.
Your base Maces & Flails skill increases to level 3!
You have reached level 9!
Your experience leads to an increase in your attributes!
Your base attributes are Str 23, Int 5, Dex 10.
Increase (S)trength, (I)ntelligence, or (D)exterity?
You feel stronger. x2 😨 HP[+2]
You now have 79 max hp (+6).
You regained 2 hp, and now have 21/79 hp.
You slash the orc!
You kill the orc!
Okawaru accepts your kill. The yak closely misses you.
You slice the yak!!
A yak comes into view. 😨 HP[+1]
You hit the yak but do no damage. The yak gores you but does no damage.
You barely miss the yak. The yak gores you.
* * * LOW HITPOINT WARNING * * *
😱 HP[-5]
You take 5 damage, and now have 17/79 hp.
You barely miss the yak. The yak gores you!
* * * LOW HITPOINT WARNING * * *
😱 HP[-9] MP[+1]
You take 9 damage, and now have 8/79 hp.
You feel very mighty all of a sudden. The yak misses you.
You furiously retaliate!
You headbutt the yak! 😱 HP[+1]
You slice the yak!! Your headbutt misses the yak. The yak barely misses you.
The yak gores you but does no damage.
You hit the yak. The yak gores you!
* * * LOW HITPOINT WARNING * * *
😱 HP[-7]
You take 7 damage, and now have 2/79 hp.
Okay, then.
As you read the scroll of teleportation {@r4}, it crumbles to dust.
You feel strangely unstable. The yak gores you.
You die...

Skill      XL: |  1  2  3  4  5  6  7  8 |
---------------+-------------------------+-----
Slings         | 1 2 3 4 5 |  5.6
Fighting       | 4 5 6 7 |  7.3
Armour         | 4 5 6 7 |  7.3
Shields        | 4 5 6 |  6.5
Axes           | 3 4 5 6 |  6.8
Maces & Flails | 3 |  3.0

Action                   |  1- 3 |  4- 6 |  7- 9 || total
-------------------------+-------+-------+-------++-------
Melee: War axe           |    95 |   168 |   110 ||   373
       Headbutt          |    13 |    25 |    22 ||    60
 Fire: Hunting sling     |     6 |    47 |    14 ||    67
Throw: Stone             |       |     4 |       ||     4
Invok: Heroism           |       |       |     1 ||     1
  Use: Scroll            |       |       |     2 ||     2
       Potion            |       |       |     1 ||     1
Armor: Scale mail        |    12 |       |       ||    12
       Ring mail         |    36 |    67 |    43 ||   146
Dodge: Dodged            |    72 |    69 |    47 ||   188
Block: Buckler           |    24 |    35 |    25 ||    84

Levels and vault maps discovered:
D:1:      saegor_arrival_fortress, layout_loops_corners,
          hellmonk_ecumenical_altar_watching_god
D:2:      layout_loops_cross
D:3:      layout_rooms, dk_vineyard_2
D:4:      minmay_door_path, layout_basic, serial_shops, shop
D:5:      layout_basic, lemuel_round_altar, minmay_temple_entry_overgrown,
          nicolae_ossuary_entry_monument
D:6:      cheibrodos_steamvent, layout_gridville, portal_sewer_entry_b,
          serial_shops, nicolae_shop_behind_doors
D:7:      layout_loops_ring, gammafunk_temple_overflow_arena, uniq_duvessa,
          uniq_joseph, uniq_harold
Temple:   minmay_crystal_spiral_temple

Notes
Turn   | Place    | Note
-------+----------+-------------------------------------------
     0 | D:1      | AmazingTV the Minotaur Fighter began the quest for the Orb.
     0 | D:1      | Reached XP level 1. HP: 19/19 MP: 0/0
     0 | D:1      | magus.rc [v1.9.6]
   318 | D:1      | Reached XP level 2. HP: 27/27 MP: 1/1
   791 | D:1      | Found a faded altar of an unknown god.
   793 | D:1      | Noticed an eye of devastation
   793 | D:1      | Noticed a golden eye
   797 | D:1      | Reached skill level 1 in Slings
   865 | D:1      | Noticed a golden eye
   953 | D:1      | Noticed a great orb of eyes
  1090 | D:1      | Reached skill level 4 in Fighting
  1090 | D:1      | Reached XP level 3. HP: 33/33 MP: 2/2
  1248 | D:1      | Reached skill level 4 in Armour
  1248 | D:1      | Reached skill level 4 in Shields
  1571 | D:2      | Reached skill level 3 in Axes
  1904 | D:2      | Reached XP level 4. HP: 40/40 MP: 3/3
  3012 | D:4      | Noticed a scorpion
  3022 | D:4      | Killed a scorpion
  3023 | D:4      | Reached skill level 2 in Slings
  3023 | D:4      | Reached XP level 5. HP: 27/47 MP: 4/4
  3031 | D:4      | HP: 11/47 [poisoned by a scorpion]
  3304 | D:4      | HP: 11/47 [poisoned by a scorpion]
  3309 | D:4      | HP: 6/47 [poisoned by a scorpion]
  3651 | D:4      | Found Mizoberghi's Antique Armour Shop.
  3733 | D:4      | Reached skill level 4 in Axes
  3733 | D:4      | Reached XP level 6. HP: 32/55 MP: 5/5
  3930 | D:4      | Reached skill level 5 in Armour
  3943 | D:4      | Reached skill level 5 in Shields
  4031 | D:4      | You add the spells Gell's Gravitas, Teleport Other and
                  | Dispersal to your library.
  4102 | D:4      | Reached skill level 5 in Fighting
  4449 | D:5      | Entered Level 5 of the Dungeon
  4506 | D:5      | Reached skill level 3 in Slings
  4679 | D:5      | Found a staircase to the Ecumenical Temple.
  4725 | D:5      | Found a sand-covered staircase.
  4743 | Ossuary  | Entered an ossuary
  5008 | Ossuary  | Noticed Menkaure
  5012 | Ossuary  | Killed Menkaure
  5013 | Ossuary  | Reached XP level 7. HP: 54/61 MP: 6/6
  5362 | D:5      | Found a basalt altar of Yredelemnul.
  5716 | Temple   | Entered the Ecumenical Temple
  5842 | Temple   | Became a worshipper of Warmaster Okawaru
  6559 | D:6      | Reached skill level 5 in Axes
  6675 | D:6      | You pick up a book of Dreams and begin reading...
  6675 | D:6      | You add the spells Ensorcelled Hibernation, Spider Form and
                  | Anguish to your library.
  6784 | D:6      | Reached skill level 4 in Slings
  6813 | D:6      | Found a glowing drain.
  6827 | Sewer    | Entered a sewer
  6857 | Sewer    | Reached skill level 6 in Armour
  6864 | Sewer    | Reached skill level 6 in Shields
  6865 | Sewer    | Reached skill level 6 in Fighting
  7003 | Sewer    | Found a viscous altar of Jiyva.
  7053 | Sewer    | Reached XP level 8. HP: 68/70 MP: 7/7
  7197 | D:6      | Reached * piety under Okawaru
  7517 | D:6      | Found Boze's Armour Emporium.
  7520 | D:6      | Bought a +2 hat for 192 gold pieces
  7609 | D:7      | Noticed a kobold demonologist
  7611 | D:7      | Found a shadowy altar of Dithmenos.
  7620 | D:7      | Found a transporter.
  7628 | D:7      | Found a transporter.
  7670 | D:7      | Noticed Harold
  7683 | D:7      | Killed Harold
  7683 | D:7      | Reached ** piety under Okawaru
  7684 | D:7      | Reached skill level 7 in Fighting
  7684 | D:7      | Reached skill level 6 in Axes
  7684 | D:7      | Reached skill level 2 in Maces & Flails
  7684 | D:7      | Reached skill level 5 in Slings
  7684 | D:7      | Reached skill level 7 in Armour
  7689 | D:7      | Reached skill level 3 in Maces & Flails
  7689 | D:7      | Reached XP level 9. HP: 21/79 MP: 6/8
  7692 | D:7      | HP: 17/79 [yak (5)]
  7693 | D:7      | HP: 8/79 [yak (9)]
  7696 | D:7      | HP: 2/79 [yak (7)]
  7697 | D:7      | Slain by a yak

Vanquished Creatures
  Harold (D:7)
  A yak (D:7)
  2 steam dragons (D:6)
  Menkaure (Ossuary)
  5 scorpions
  A bullfrog zombie (D:6)
  2 centaur skeletons
  5 jellies
  3 iguanas
  A hound skeleton (D:5)
  3 mummies (Ossuary)
  2 howler monkey skeletons
  6 adders
  A shadow imp (D:6)
  A white imp (D:6)
  4 ufetubi
  2 worms
  A dart slug (D:1)
  2 orcs
  13 endoplasms
  9 giant cockroaches
  A gnoll zombie (Ossuary)
  11 hobgoblins
  15 jackals
  8 kobolds
  5 quokkas
  15 ball pythons
  2 bats (D:1)
  7 frilled lizards
  4 gnoll skeletons (Ossuary)
  4 goblins
  A goblin skeleton (Ossuary)
  4 goblin zombies (Ossuary)
  2 hobgoblin skeletons (Ossuary)
  8 hobgoblin zombies (Ossuary)
  7 kobold skeletons (Ossuary)
  4 kobold zombies (Ossuary)
  4 orc skeletons (Ossuary)
  4 orc zombies (Ossuary)
  11 rats
  7 rat skeletons (Ossuary)
  4 rat zombies (Ossuary)
194 creatures vanquished.

Table legend:
 A = Non-vault XP
 B = Vault XP
 C = Vault XP percentage of total XP
 D = Non-vault monster count
 E = Vault monster count
 F = Vault count percentage of total count
                 A         B        C        D         E       F
            +---------+---------+-------+---------+---------+-------
      Total |    1163 |    1796 |  60.7 |     105 |      89 |  45.9
            +---------+---------+-------+---------+---------+-------
        D:1 |      46 |       0 |   0.0 |      28 |       0 |   0.0
        D:2 |      59 |       0 |   0.0 |      28 |       0 |   0.0
        D:3 |      41 |       0 |   0.0 |      15 |       0 |   0.0
        D:4 |     309 |      41 |  11.7 |      17 |       3 |  15.0
        D:5 |     167 |       0 |   0.0 |       6 |       0 |   0.0
        D:6 |     322 |     377 |  53.9 |       9 |       5 |  35.7
        D:7 |     219 |     865 |  79.8 |       2 |       1 |  33.3
      Sewer |       0 |     232 | 100.0 |       0 |      26 | 100.0
    Ossuary |       0 |     281 | 100.0 |       0 |      54 | 100.0
            +---------+---------+-------+---------+---------+-------

Illustrated notes

Table legend:
 A = Kills in this place as a percentage of kills in entire the game.
 B = Kills by you in this place as a percentage of kills by you in the entire game.
 C = Kills by friends in this place as a percentage of kills by friends in the entire game.
 D = Other kills in this place as a percentage of other kills in the entire game.
 E = Experience gained in this place as a percentage of experience gained in the entire game.
 F = Experience gained in this place divided by the number of levels of this place that you have seen.
                   A       B       C       D       E      F
               +-------+-------+-------+-------+-------+----------------------
         Total | 100.0 | 100.0 |   N/A |   N/A | 100.0 | 295.9
       Dungeon |  58.8 |  58.8 |   N/A |   N/A |  82.7 | 349.4
         Sewer |  13.4 |  13.4 |   N/A |   N/A |   7.8 | 232.0
       Ossuary |  27.8 |  27.8 |   N/A |   N/A |   9.5 | 281.0
               +-------+-------+-------+-------+-------+----------------------

Table legend: (Time is in decaauts)
 A = Elapsed time spent in this place.
 B = Non-inter-level travel time spent in this place.
 C = Inter-level travel time spent in this place.
 D = Time resting spent in this place.
 E = Time spent auto-exploring this place.
 F = Levels seen in this place.
 G = Mean time per level.
                   A        B        C        D        E       F      G
               +--------+--------+--------+--------+--------+-----+--------+
         Total |   7830 |   6985 |    845 |   1100 |   4490 |  10 |  783.0 |
       Dungeon |   6656 |   5901 |    755 |    920 |   4089 |   7 |  950.9 |
        Temple |    211 |    121 |     90 |      0 |    104 |   1 |  211.0 |
         Sewer |    321 |    321 |      0 |      0 |    182 |   1 |  321.0 |
       Ossuary |    640 |    640 |      0 |    180 |    114 |   1 |  640.0 |
               +--------+--------+--------+--------+--------+-----+--------+

Top non-repeatable levels by time:
     D:1: 1590 daAuts
     D:4: 1562 daAuts
     D:5: 1212 daAuts
     D:6: 834 daAuts
     D:2: 688 daAuts
     D:3: 669 daAuts
 Ossuary: 640 daAuts
   Sewer: 321 daAuts
  Temple: 211 daAuts
     D:7: 99 daAuts
